 Dungeon Crawl Stone Soup version 0.28.0-49-g6dfe1f597d (webtiles) character file.

Game seed: 9333043957970806164

65 nickcage the Conjurer (level 3, -4/26 HPs)
             Began as a Draconian Conjurer on May 19, 2022.
             Was a Believer of Cheibriados.
             Slain by Crazy Yiuf
             ... wielding a +3 quarterstaff of chaos
              (13 damage)
             ... on level 2 of the Dungeon.
             The game lasted 00:04:23 (1901 turns).

nickcage the Conjurer (Draconian Conjurer)          Turns: 1901, Time: 00:04:24

Health: -4/26      AC:  5    Str: 13    XL:     3   Next: 94%
Magic:  1/6        EV: 12    Int: 24    God:    Cheibriados [**....]
Gold:   78         SH:  0    Dex: 13    Spells: 3/6 levels left

rFire   . . .      SeeInvis .   g - +5 dagger "Tabytif" {drain, rN+ Stlth+}
rCold   . . .      Faith    .   (no shield)
rNeg    + . .      Spirit   .   (armour unavailable)
rPois   .          Reflect  .   (helmet restricted)
rElec   .          Harm     .   (no cloak)
rCorr   .          Rampage  .   (no gloves)
Will    .....                   (no boots)
Stlth   +++.......              (no amulet)
HPRegen 0.08/turn               (no ring)
MPRegen 0.10/turn               (no ring)

@: very slow
A: AC +5, unfitting armour, cold-blooded
a: Renounce Religion, Bend Time


You were on level 2 of the Dungeon.
You worshipped Cheibriados.
Cheibriados was pleased with you.
You visited 1 branch of the dungeon, and saw 2 of its levels.

You collected 78 gold pieces.

Inventory:

Hand Weapons
 b - a +0 spear
 e - a +0 dagger of flaming
 g - the +5 dagger "Tabytif" (weapon) {drain, rN+ Stlth+}
   (You took it off a kobold on level 2 of the Dungeon)

   A truly terrible weapon, it drains the life of any living foe it strikes.
   rN:        It protects you from negative energy.
   Stlth:     It makes you more stealthy.
Scrolls
 c - a scroll of blinking {unknown}
 f - 2 scrolls of identify {unknown}
Potions
 a - 3 potions of heal wounds {unknown}
 d - 2 potions of invisibility {unknown}
 h - a potion of haste {unknown}


   Skills:
 - Level 1.7 Dodging
 - Level 1.7 Stealth
 + Level 2.4 Spellcasting
 + Level 5.3 Conjurations


You had 3 spell levels left.
You knew the following spells:

 Your Spells              Type           Power      Damage    Failure   Level
a - Magic Dart            Conj           100%       1d8       1%          1
b - Searing Ray           Conj           56%        2d6       1%          2

Your spell library contained the following spells:

 Spells                   Type           Power      Damage    Failure   Level
 Dazzling Flash           Conj/Hex       30%        N/A       12%         3
 Fulminant Prism          Conj/Hex       7%         3d7       36%         4
 Iskenderun's Mystic Bla  Conj/Tloc      15%        2d5       36%         4


Dungeon Overview and Level Annotations

Branches:
Dungeon (2/15)

Altars:
Cheibriados

Annotations:
D:2 Crazy Yiuf


Innate Abilities, Weirdness & Mutations

Your plain brown scales are hard. (AC +5)
You cannot fit into any form of body armour.
You are cold-blooded and may be slowed by cold attacks.


Message History

Found a dagger.
A quokka comes into view.
The magic dart hits the quokka.
You kill the quokka!
Cheibriados appreciates the change of pace.
As you open the door, it creaks loudly!
There is an open door here.
You open the door.
There is an open door here.
There is an open door here.
You open the door.
There is an open door here.
There is an open door here.
There is an open door here.
Found a mace.
Found a runed translucent door.
Crazy Yiuf shouts!
Crazy Yiuf sings, "Trees, trees, trees, circus!"
You open the door.
Casting: Magic Dart (safe; 1% risk of failure)
Confirm with . or Enter, or press ? or * to list all spells.
Aiming: Searing Ray (safe; 1% risk of failure)
Press: ? - help, Shift-Dir - straight line, f - Crazy Yiuf
Aim: Crazy Yiuf, wielding a +3 quarterstaff of chaos and wearing a +0 cloak (82% to hit)
The searing ray hits Crazy Yiuf.
Crazy Yiuf is lightly wounded. (Press . to maintain the ray.)
The searing ray hits Crazy Yiuf!
Crazy Yiuf is heavily wounded.
Crazy Yiuf hits you with a +3 quarterstaff of chaos!
Crazy Yiuf draws strength from your wounds!
The searing ray hits Crazy Yiuf.
Crazy Yiuf is heavily wounded.
Crazy Yiuf hits you with a +3 quarterstaff of chaos.
The searing ray hits Crazy Yiuf.
Crazy Yiuf is heavily wounded.
You finish channelling your searing ray.
Crazy Yiuf grits, "Whiteboard unthinkable hand!"
Crazy Yiuf hits you with a +3 quarterstaff of chaos!
Ouch! That really hurt!
You die...

.[.>#
#.#..#####..##
.#### #.'..#
#....# .#
###..# #....#
.# #### ##...#
.# ##.## .#
##.# ## #.##
##.# #@## #g#
... #...#
#)..# #####


You could see Crazy Yiuf.

Vanquished Creatures
  3 adders (D:2)
  2 endoplasms (D:1)
  4 giant cockroaches
  3 goblins
  4 hobgoblins
  4 jackals (D:2)
  4 kobolds
  A quokka (D:2)
  2 ball pythons (D:2)
  2 bats (D:1)
  2 frilled lizards
  5 rats
36 creatures vanquished.

Notes
Turn   | Place    | Note
-------+----------+-------------------------------------------
     0 | D:1      | nickcage the Draconian Conjurer began the quest for the
                  | Orb.
     0 | D:1      | Reached XP level 1. HP: 14/14 MP: 3/3
   351 | D:1      | Reached XP level 2. HP: 20/20 MP: 0/5
   354 | D:1      | Learned a level 2 spell: Searing Ray
   972 | D:1      | Found a faded altar of an unknown god.
   976 | D:1      | Prayed at the altar of an unknown god.
   976 | D:1      | Became a worshipper of Cheibriados the Contemplative
   976 | D:1      | Reached * piety under Cheibriados
  1113 | D:2      | Reached XP level 3. HP: 26/26 MP: 2/6
  1211 | D:2      | Reached skill level 5 in Conjurations
  1290 | D:2      | Identified the +5 dagger "Tabytif" {drain, rN+ Stlth+}
  1621 | D:2      | Reached ** piety under Cheibriados
  1893 | D:2      | Found a runed translucent door.
  1894 | D:2      | Noticed Crazy Yiuf
  1901 | D:2      | Slain by Crazy Yiuf

Illustrated notes

Levels and vault maps discovered:
D:1:      minmay_arrival_open_corners, layout_loops_ring,
          hellmonk_ecumenical_altar_leap_of_faith
D:2:      layout_basic, uniq_crazy_yiuf_cottage

Skill      XL: |  1  2  3 |
---------------+----------+-----
Conjurations   | 5 |  5.3
Dodging        | |  1.7
Stealth        | |  1.7
Spellcasting   | |  2.4

Action                   || total
-------------------------++-------
Melee: Spear             ||     1
       Dagger            ||     3
 Cast: Magic Dart        ||    63
       Searing Ray       ||     1
Armor: Skin              ||     1
Dodge: Dodged            ||     1
